 Dungeon Crawl Stone Soup version 0.28-a0-796-gd4f0d3f9b2 (webtiles) character file.

Game seed: 1779862621384842280

86 Gargoyl the Skirmisher (level 4, -17/41 HPs)
             Began as a Gnoll Abyssal Knight on Nov 6, 2021.
             Was a Believer of Lugonu.
             Killed from afar by Ijyb (31 damage)
             ... with a bolt of acid
             ... on level 3 of the Dungeon.
             The game lasted 00:04:24 (2722 turns).

Gargoyl the Skirmisher (Gnoll Abyssal Knight)       Turns: 2722, Time: 00:04:24

Health: -17/41     AC: 11    Str: 13    XL:     4   Next: 50%
Magic:  7/7        EV:  9    Int: 10    God:    Lugonu [**....]
Gold:   105        SH:  0    Dex: 12    Spells: 5/5 levels left

rFire   . . .      SeeInvis .   a - +1 hand axe
rCold   . . .      Faith    .   (no shield)
rNeg    . . .      Spirit   .   o - +0 scale mail
rPois   .          Reflect  .   (no helmet)
rElec   .          Harm     .   (no cloak)
rCorr   .          Rampage  .   (no gloves)
Will    .....                   (no boots)
Stlth   ..........              (no amulet)
HPRegen 0.13/turn               c - +4 ring of protection
MPRegen 0.10/turn               (no ring)

@: no status effects
A: fangs 1, strong nose, distributed training
a: Renounce Religion, Depart the Abyss, Bend Space


You were on level 3 of the Dungeon.
You worshipped Lugonu.
Lugonu was pleased with you.
You visited 1 branch of the dungeon, and saw 3 of its levels.
You visited the Abyss 1 time.

You collected 171 gold pieces.
You spent 66 gold pieces at shops.

Inventory:

Hand Weapons
 a - a +1 hand axe (weapon)
 l - a +0 vorpal hand axe
Armour
 o - a +0 scale mail (worn)
Jewellery
 c - a +4 ring of protection (left hand)
 i - a +4 ring of evasion
 m - a ring of poison resistance
Scrolls
 h - 2 scrolls of teleportation
Potions
 d - 4 potions of curing {unknown}
 e - 3 potions of heal wounds {unknown}
 f - a potion of brilliance {unknown}
 j - a potion of invisibility {unknown}
 k - a potion of magic {unknown}
 n - a potion of haste {unknown}


   Skills:
 + Level 6.6 Fighting
 + Level 1.1 Short Blades
 + Level 1.1 Long Blades
 + Level 4.6 Axes
 + Level 1.1 Maces & Flails
 + Level 1.1 Polearms
 + Level 1.1 Staves
 + Level 1.1 Slings
 + Level 1.1 Bows
 + Level 1.1 Crossbows
 + Level 1.1 Throwing
 + Level 4.6 Armour
 + Level 2.7 Dodging
 + Level 1.1 Stealth
 + Level 1.1 Shields
 + Level 1.1 Unarmed Combat
 + Level 1.1 Spellcasting
 + Level 0.9 Conjurations
 + Level 0.9 Hexes
 + Level 0.9 Summonings
 + Level 0.9 Necromancy
 + Level 0.9 Translocations
 + Level 0.9 Transmutations
 + Level 0.9 Fire Magic
 + Level 0.9 Ice Magic
 + Level 0.9 Air Magic
 + Level 0.9 Earth Magic
 + Level 0.9 Poison Magic
 + Level 4.7 Invocations
 + Level 1.1 Evocations


You had 5 spell levels left.
You didn't know any spells.
Your spell library contained the following spells:

 Spells                   Type           Power      Damage    Failure   Level
 Foxfire                  Conj/Fire      8%         2x1d4     69%         1
 Conjure Flame            Conj/Fire      2%         6-21      96%         3
 Ignite Poison            Fire/Tmut/Pois 2%         N/A       96%         3
 Inner Flame              Hex/Fire       2%         N/A       96%         3
 Mephitic Cloud           Conj/Pois/Air  2%         N/A       96%         3
 Flame Wave               Conj/Fire      2%         3d3       100%        4
 Freezing Cloud           Conj/Ice/Air   1%         6-21      100%        5


Dungeon Overview and Level Annotations

Branches:
Dungeon (3/15)

Altars:

Shops:
D:1 ?

Annotations:
D:3 Ijyb


Innate Abilities, Weirdness & Mutations

You have very sharp teeth.
Your uncanny sense of smell can sniff out nearby items.
Your experience applies equally to all skills.


Message History

You barely miss the kobold.
The kobold is severely wounded.
The kobold barely misses you.
Unknown command.
You barely miss the kobold.
The kobold is severely wounded.
The kobold misses you.
Unknown command.
You completely miss the kobold. You bite the kobold, but do no damage.
The kobold is severely wounded.
The kobold barely misses you.
You hit the kobold but do no damage.
The kobold is severely wounded.
The kobold hits you with a +0 short sword.
Unknown command.
You hit the kobold.
You kill the kobold!
Lugonu accepts your kill.
Unknown command.
Things that are here:
a +0 short sword; 2 poisoned darts; a kobold corpse Unknown command.
A frilled lizard comes into view.
A frilled lizard is nearby!
A frilled lizard is nearby!
Found an escape hatch in the floor.
Ijyb the Twisted Goblin comes into view.
She is wielding a +0 club and carrying a wand of acid (8).
Ijyb shouts!
The frilled lizard barely misses you.
You closely miss the frilled lizard. Your bite misses the frilled lizard.
The frilled lizard bites you.
The frilled lizard completely misses you.
You hit the frilled lizard.
You kill the frilled lizard!
Lugonu accepts your kill.
Ijyb zaps a wand.
The bolt of acid hits you!!
Ouch! That really hurt!
Found 15 gold pieces.
Ijyb zaps a wand.
The bolt of acid hits you!!
Ouch! That really hurt!
You die...

.# #.# #.#
..... #. #.#
....# #. #.#
#.#.#
######.####.#
#.#...
............#
#.# ##
$..g.......##
............#
#
............#
$......@...>#
............#
............#
...........##
..........##
..###.##### #
.. #.#


You could see Ijyb.

Vanquished Creatures
  2 adders
  4 worms (D:2)
  2 dart slugs (D:1)
  A ball python (D:3)
  8 bats
  3 endoplasms
  2 giant cockroaches (D:2)
  3 goblins (D:2)
  4 hobgoblins
  6 jackals (D:1)
  A quokka (D:1)
  3 frilled lizards
  2 kobolds
  4 rats (D:1)
45 creatures vanquished.

Vanquished Creatures (collateral kills)
  2 ball pythons (D:2)
  A giant cockroach (D:2)
  A kobold (D:2)
  A frilled lizard (D:2)
5 creatures vanquished.

Grand Total: 50 creatures vanquished

Notes
Turn   | Place    | Note
-------+----------+-------------------------------------------
     0 | Abyss:1  | Gargoyl the Gnoll Abyssal Knight began the quest for the
                  | Orb.
     0 | Abyss:1  | Reached XP level 1. HP: 23/23 MP: 3/3
   188 | Abyss:1  | Noticed a wight
   205 | Abyss:1  | Found a corrupted altar of Lugonu.
   312 | Abyss:1  | Noticed a large abomination
   353 | Abyss:1  | Noticed a basilisk
   502 | Abyss:3  | Noticed a large abomination
   507 | Abyss:3  | Noticed a thrashing horror
   508 | Abyss:3  | Noticed a thrashing horror
   511 | D:1      | Escaped the Abyss
   570 | D:1      | Found a faded altar of an unknown god.
   777 | D:1      | Reached XP level 2. HP: 29/29 MP: 5/5
   804 | D:1      | Reached * piety under Lugonu
   998 | D:1      | Found Jior's Magic Scroll Emporium.
  1006 | D:1      | Bought a scroll of teleportation for 33 gold pieces
  1006 | D:1      | Bought a scroll of teleportation for 33 gold pieces
  1231 | D:1      | Reached XP level 3. HP: 35/35 MP: 6/6
  1793 | D:2      | Reached skill level 1 in Short Blades
  1793 | D:2      | Reached skill level 1 in Long Blades
  1793 | D:2      | Reached skill level 1 in Maces & Flails
  1793 | D:2      | Reached skill level 1 in Polearms
  1793 | D:2      | Reached skill level 1 in Staves
  1793 | D:2      | Reached skill level 1 in Slings
  1793 | D:2      | Reached skill level 1 in Bows
  1793 | D:2      | Reached skill level 1 in Crossbows
  1793 | D:2      | Reached skill level 1 in Throwing
  1793 | D:2      | Reached skill level 1 in Stealth
  1793 | D:2      | Reached skill level 1 in Shields
  1793 | D:2      | Reached skill level 1 in Unarmed Combat
  1793 | D:2      | Reached skill level 1 in Spellcasting
  1793 | D:2      | Reached skill level 1 in Evocations
  2174 | D:2      | Reached XP level 4. HP: 39/41 MP: 7/7
  2286 | D:2      | Reached ** piety under Lugonu
  2719 | D:3      | Noticed Ijyb
  2722 | D:3      | Killed from afar by Ijyb

Illustrated notes

Levels and vault maps discovered:
D:1:      co_arrival_random_square_maze, layout_basic, serial_shops, shop,
          hellmonk_ecumenical_altar_lost_god, minmay_distorted
D:2:      layout_loops_ring, st_stairs_4
D:3:      layout_rooms, serial_co_window_serial, co_window_of_opportunity_a,
          co_window_paths_a, co_window_corner_a, co_window_paths_b,
          co_window_corner_a, co_window_corner_b, co_window_broadway_c,
          co_window_broadway_c, co_window_unsneaky_path_c, co_window_corner_b,
          co_window_4corner_b, glass_columns_a, glass_columns_b, kennysheep_nub,
          minmay_misc_feat_encased, chequers_serial_rivers_marsh, uniq_ijyb

Skill      XL: |  1  2  3 |
---------------+----------+-----
Short Blades   | 1 |  1.1
Long Blades    | 1 |  1.1
Maces & Flails | 1 |  1.1
Polearms       | 1 |  1.1
Staves         | 1 |  1.1
Slings         | 1 |  1.1
Bows           | 1 |  1.1
Crossbows      | 1 |  1.1
Throwing       | 1 |  1.1
Stealth        | 1 |  1.1
Shields        | 1 |  1.1
Unarmed Combat | 1 |  1.1
Spellcasting   | 1 |  1.1
Evocations     | 1 |  1.1
Fighting       | |  6.6
Axes           | |  4.6
Armour         | |  4.6
Dodging        | |  2.7
Conjurations   | |  0.9
Hexes          | |  0.9
Summonings     | |  0.9
Necromancy     | |  0.9
Translocations | |  0.9
Transmutations | |  0.9
Fire Magic     | |  0.9
Ice Magic      | |  0.9
Air Magic      | |  0.9
Earth Magic    | |  0.9
Poison Magic   | |  0.9
Invocations    | |  4.7

Action                   |  1- 3 |  4- 6 || total
-------------------------+-------+-------++-------
Melee: Hand axe          |   108 |    52 ||   160
       Bite              |    12 |     7 ||    19
       Punch             |     1 |       ||     1
Invok: Depart the Abyss  |     1 |       ||     1
  Use: Scroll            |     6 |     1 ||     7
Armor: Leather armour    |    46 |     7 ||    53
       Scale mail        |       |    16 ||    16
Dodge: Dodged            |    96 |    25 ||   121

Table legend: (Time is in decaauts)
 A = Elapsed time spent in this place.
 B = Non-inter-level travel time spent in this place.
 C = Inter-level travel time spent in this place.
 D = Time resting spent in this place.
 E = Time spent auto-exploring this place.
 F = Levels seen in this place.
 G = Mean time per level.
                   A        B        C        D        E       F      G
               +--------+--------+--------+--------+--------+-----+--------+
         Total |   2731 |   2699 |     32 |      0 |   2079 |   6 |  455.2 |
       Dungeon |   2221 |   2189 |     32 |      0 |   1697 |   3 |  740.3 |
         Abyss |    509 |    509 |      0 |      0 |    382 |   3 |  169.7 |
               +--------+--------+--------+--------+--------+-----+--------+

Top non-repeatable levels by time:
     D:1: 1054 daAuts
     D:2: 894 daAuts
 Abyss:1: 374 daAuts
     D:3: 272 daAuts
 Abyss:2: 100 daAuts
 Abyss:3: 35 daAuts
